 Dungeon Crawl Stone Soup version 0.29.1-15-g9cfb28693d (webtiles) character file.

Game seed: 16562175529010478531

311 promet the Cudgeller (level 6, -1/38 HPs)
             Began as a Gargoyle Gladiator on Mar 13, 2023.
             Slain by an orc
             ... wielding a +0 trident
              (2 damage)
             ... on level 4 of the Dungeon.
             The game lasted 00:18:42 (4364 turns).

promet the Cudgeller (Gargoyle Gladiator)           Turns: 4364, Time: 00:18:42

Health: -1/38      AC: 15    Str: 17    XL:     6   Next: 42%
Magic:  6/6        EV:  7    Int: 11    God:
Gold:   116        SH:  0    Dex: 11    Spells: 5/5 levels left

rFire   . . .      SeeInvis .   u - +0 morningstar
rCold   . . .      Faith    .   (no shield)
rNeg    + . .      Spirit   .   q - +0 chain mail
rPois   ∞          Reflect  .   c - +1 helmet
rElec   +          Harm     .   (no cloak)
rCorr   .          Rampage  .   (no gloves)
Will    +....                   (no boots)
Stlth   ..........              (no amulet)
HPRegen 0.12/turn               f - ring of willpower
MPRegen 0.10/turn               (no ring)

@: no status effects
A: sickness immunity, AC +4, negative energy resistance 1, electricity
resistance, torment resistance 1, petrification resistance
a: no special abilities


You were on level 4 of the Dungeon.
You visited 1 branch of the dungeon, and saw 4 of its levels.

You collected 116 gold pieces.

Inventory:

Hand Weapons
 a - a +0 rapier
 h - a +1 whip of draining
 u - a +0 morningstar (weapon)
Missiles
 d - 3 throwing nets
 e - a javelin
 g - 3 poisoned darts (quivered)
 s - 27 stones
Armour
 b - a +0 leather armour
 c - a +1 helmet (worn)
 q - a +0 chain mail (worn)
Jewellery
 f - a ring of willpower (left hand)
Potions
 i - a potion of brilliance {unknown}
 k - 2 potions of attraction
 m - a potion of invisibility {unknown}
 n - a potion of might {unknown}
 o - a potion of magic
 p - a potion of mutation {unknown}
 r - a potion of lignification {unknown}
 t - a potion of degeneration {unknown}


   Skills:
 + Level 3.7 Fighting
 + Level 2.2 Short Blades
 + Level 3.9 Maces & Flails
 + Level 2.1 Throwing
 + Level 3.0 Armour
 + Level 3.1 Dodging
 + Level 0.4 Stealth


You had 5 spell levels left.
You didn't know any spells.
Your spell library contained the following spells:

 Spells                   Type           Power      Damage    Failure   Level
 Shock                    Conj/Air       0%         1d3       99%         1
 Swiftness                Air            0%         N/A       100%        3
 Airstrike                Air            0%         2d(0-16)  100%        4


Dungeon Overview and Level Annotations

Branches:
Dungeon (4/15)
 Temple: D:4-7

Altars:

Shops:
D:3 :*


Innate Abilities, Weirdness & Mutations

You are immune to sickness and miasma.
Your stone body is resilient. (AC +4)
You are immune to poison.
You resist negative energy. (rN+)
You are resistant to electric shocks. (rElec)
You are resistant to unholy torment.
You are immune to petrification.


Message History

Something writhes in agony!
Reactivating autopickup.
You feel a bit more experienced. The orc hits you but does no damage.
The orc hits you from afar with a +0 trident.
* * * LOW HITPOINT WARNING * * *
You barely miss the orc. The orc hits you with a +0 club.
* * * LOW HITPOINT WARNING * * *
The orc completely misses you.
You hit the orc.
The orc is heavily wounded.
The orc hits you but does no damage. The orc barely misses you.
Unknown command.
Unknown command.
You feel much better. The orc hits you with a +0 club.
The orc completely misses you.
You puncture the orc!
You kill the orc!
The orc hits you but does no damage.
The orc priest hits you but does no damage.
The orc hits you from afar with a +0 trident.
You barely miss the orc priest.
Your hearing returns.
The orc priest hits you but does no damage.
The orc hits you from afar with a +0 trident.
You puncture the orc priest!
The orc priest is severely wounded.
The orc priest calls down the wrath of Beogh upon you.
You resist with some effort. The orc hits you but does no damage.
You hit the orc priest.
The orc priest is almost dead.
The orc priest mumbles some strange prayers to Beogh against you.
Beogh smites you!
* * * LOW HITPOINT WARNING * * *
The orc barely misses you.
You sock the orc priest!
You kill the orc priest!
The orc hits you from afar with a +0 trident.
* * * LOW HITPOINT WARNING * * *
The orc hits you from afar with a +0 trident.
You die...

.............
#............
#............
#............ #
#.......$....
..#............
.......o.$.....
..#..##)#############
#..##@##..........#
#.....##..........#
#.###.##..........#
#.....##..........#
#####.##..........#
###.##..........#
#....#..........#
#....#..........#
#....#....).....#


You could see an orc.

Vanquished Creatures
  A black bear (D:3)
  An ogre (D:3)
  An orc priest (D:4)
  An orc wizard (D:3)
  3 adders
  A dart slug (D:1)
  A worm (D:2)
  5 orcs
  5 ball pythons
  4 bats
  2 endoplasms
  2 giant cockroaches
  2 goblins (D:1)
  6 hobgoblins
  4 jackals (D:1)
  4 quokkas
  3 frilled lizards
  9 kobolds
  4 rats
59 creatures vanquished.

Vanquished Creatures (others)
  An orc wizard (D:4)
  A demonic plant (D:3)
  2 withered plants (D:3)
4 creatures vanquished.

Grand Total: 63 creatures vanquished

Notes
Turn   | Place    | Note
-------+----------+-------------------------------------------
     0 | D:1      | promet the Gargoyle Gladiator began the quest for the Orb.
     0 | D:1      | Reached XP level 1. HP: 12/12 MP: 1/1
   442 | D:1      | Reached XP level 2. HP: 18/18 MP: 2/2
   837 | D:1      | Reached XP level 3. HP: 12/22 MP: 3/3
  2540 | D:3      | Noticed an ogre
  2554 | D:3      | Reached skill level 1 in Armour
  2554 | D:3      | Reached XP level 4. HP: 27/27 MP: 4/4
  2559 | D:3      | Killed an ogre
  2560 | D:3      | Reached skill level 1 in Short Blades
  2560 | D:3      | Reached XP level 5. HP: 15/32 MP: 5/5
  3365 | D:3      | Found Piagix's Book Boutique.
  3408 | D:3      | Found Kyesh's General Store.
  3536 | D:3      | Found a faded altar of an unknown god.
  3937 | D:4      | Noticed a black bear
  3946 | D:3      | Killed a black bear
  3947 | D:3      | Reached XP level 6. HP: 25/38 MP: 6/6
  4364 | D:4      | HP: 1/38 [orc/+0 trident (1)]
  4364 | D:4      | Slain by an orc

Illustrated notes

Levels and vault maps discovered:
D:1:      enne_arrival_octagon_isle, layout_loops_ring
D:2:      layout_basic
D:3:      layout_loops_ring, shapermc_ecumenical_altar_gd, serial_shops,
          shop_fountains, shop, chequers_garden
D:4:      layout_basic, nicolae_gozag_conspicuous_consumption,
          gammafunk_ghost_cemetery

Skill      XL: |  1  2  3  4  5  6 |
---------------+-------------------+-----
Throwing       | 2 |  2.1
Armour         | 1 2 3 |  3.0
Fighting       | 3 |  3.7
Short Blades   | 1 2 |  2.2
Dodging        | 3 |  3.1
Maces & Flails | |  3.9
Stealth        | |  0.4

Action                   |  1- 3 |  4- 6 || total
-------------------------+-------+-------++-------
Melee: Flail             |   105 |       ||   105
       Punch             |     2 |     4 ||     6
       Rapier            |    27 |    75 ||   102
       Morningstar       |       |    59 ||    59
       Whip              |       |     5 ||     5
Throw: Dart              |     2 |       ||     2
  Use: Scroll            |     5 |     5 ||    10
       Potion            |       |     2 ||     2
 Stab: Sleeping          |     1 |       ||     1
Armor: Leather armour    |    40 |       ||    40
       Chain mail        |    21 |   139 ||   160
Dodge: Dodged            |    84 |    54 ||   138
